← All builds
Geo sea / Legion / Economy first / OBSERVED BUILD

Standard geo sea

Baseline cove-side sea play: bot lab then shipyard in the cove around 3:06, first Syracusia by 5:04, geothermal on time around 7:42 and an Advanced Metal Extractor to build up eco, transitioning into more Syracusia and Argonaut over the…

Usually shipyard in the cove (95%) · geo on time (90%)

#naval #eco · 20 distinct matches · 10 players · 40% of Legion Geo sea games · team won 45% of 20 · Recently observed

HOW TO PLAY IT

Key timing: First Syracusia by 5:18

  1. Take 3 mex and open into wind while starting the bot lab.
  2. Rush the bot lab finish for early defense on the coast.
  3. Get the shipyard up to start frigate production.
  4. Push the first Syracusia frigate out for sea control.
  5. Layer geothermal and advanced mex, then keep feeding the Syracusia navy.

Phase by phase

TYPICAL OF ITS 20 GAMES · AGAINST STANDARD GEO SEA
  1. 1
  2. 2
  3. 3
  4. 4
PLAY THE OPENING

Follow the example game's first 6:00 step by step: what to build now, what comes next, and where it goes. At 1× it keeps pace with your own game.

  1. 1

    Up to the Legion Bot Lab

    Economy
    • Metal Extractor3Mex
    Order
    1. Legion Bot LabLegion Bot Lab after 3 mexdone ~1:07, middle half 1:04–1:13

    Some games also: wind (50%) · solar (45%) · wind for allies (30%)

    The standard build makes here, this one skips: 3 wind

    By 0:50 in all: 3 mex

    The example game in this phase · 3 steps
    1. Mex ×3
    2. Solar ×2
    3. Legion Bot LabLegion Bot Labdone 1:06 · typical 1:07
  2. 2

    Legion Bot Lab to Shipyard

    Economy
    • Metal Extractor1Mex
    Order
    1. ShipyardShipyard after 4 mex, 4 wind, 1 solardone ~3:06, middle half 2:36–3:52
    Builders
    • Zagreus3 Zagreus
    • Legion Construction Bot3 Legion Construction Bot

    Some games also: wind (50%) · con turret (40%) · Goblin (35%) · energy storage (30%) · Toxotai (30%)

    The standard build makes here, this one skips: 3 wind · 2 Toxotai

    By 2:38 in all: 4 mex · 4 wind · 1 solar

    The example game in this phase · 9 steps
    1. ZagreusZagreus
    2. Windfor Air
    3. Legion Construction BotLegion Construction Bot
    4. Windfor Air
    5. Legion Construction BotLegion Construction Bot
    6. ZagreusZagreus
    7. Legion Construction BotLegion Construction Bot
    8. ZagreusZagreus
    9. ShipyardShipyarddone 2:46 · typical 3:06
  3. 3

    Shipyard to 5:00

    Economy
    • Metal Extractor4Mex
    • Wind Turbine2Wind
    Builders
    • Construction Ship1 Con ship
    Army
    • Pharos1 Pharos
    • Argonaut2 Argonaut
    • Syracusia1 Syracusia

    Some games also: converter (50%) · con turret (45%) · Radar Tower (45%) · Legion Drone (40%) · Hippocampus (40%)

    The standard build makes here, this one skips: 2 converter · 2 Radar Tower

    By 5:00 in all: 8 mex · 4 wind (standard 9) · 1 solar · 1 energy storage · 1 con turret

    The example game in this phase · 22 steps
    1. Mex
    2. Construction ShipCon shipfor Geo
    3. ArgonautArgonaut
    4. Mex
    5. ArgonautArgonaut
    6. Mex
    7. Con turret
    8. SyracusiaSyracusiadone 4:17 · typical 5:06
    9. Mex ×2
    10. PharosPharos
    11. Mex
    12. Legion DroneLegion Drone
    13. IapetusIapetus
    14. PharosPharos
    15. Wind
    16. DionysusDionysus
    17. Legion DroneLegion Drone
    18. Wind
    19. Naval Radar / Sonar TowerNaval Radar / Sonar Tower
    20. Wind ×2
    21. ArgonautArgonaut
    22. Wind
  4. 4

    5:00 to 10:00

    Economy
    • Metal Extractor1Mex−2 vs standard
    • Wind Turbine15Wind+4 vs standard
    • Energy Converter3Converter+3 vs standard
    • Energy Storage1Energy storage
    Order
    1. Geothermal PowerplantGeo after 9 mex, 10 wind, 3 converter
    Builders
    • Construction Turret2 Con turret
    • Dionysus1 Dionysus
    Army
    • Pharos1 Pharos −3 vs standard
    • Legion Drone10 Legion Drone

    Some games also: con ship (45%) · Stheno (30%) · Hippocampus (30%)

    The standard build makes here, this one skips: 2 Bramble

    By 10:00 in all: 9 mex · 19 wind · 1 solar · 1 geo · 5 converter · 1 energy storage

    The example game in this phase · 117 steps
    1. Wind
    2. SyracusiaSyracusia
    3. Con turret
    4. Geothermal PowerplantGeodone 7:22 · typical 7:51
    5. Naval Radar / Sonar TowerNaval Radar / Sonar Tower
    6. Wind
    7. Legion DroneLegion Drone
    8. DionysusDionysus
    9. Wind
    10. Legion DroneLegion Drone
    11. ArgonautArgonaut
    12. Wind ×2
    13. ArgonautArgonaut
    14. Wind
    15. PolybolosPolybolos
    16. Legion DroneLegion Drone
    17. Wind
    18. SyracusiaSyracusia
    19. Advanced Metal ExtractorT2 mexdone 8:43 · typical 9:11
    20. Wind
    21. Legion DroneLegion Drone ×2
    22. Wind
    23. Legion DroneLegion Drone ×2
    24. IapetusIapetus
    25. Con turret
    26. Naval Radar / Sonar TowerNaval Radar / Sonar Tower
    27. Legion DroneLegion Drone ×2
    28. Wind
    29. Energy storage
    30. SyracusiaSyracusia
    31. Advanced Metal ExtractorT2 mex
    32. Wind
    33. Advanced Metal ExtractorT2 mex
    34. Wind
    35. Legion DroneLegion Drone
    36. SyracusiaSyracusia
    37. Wind
    38. Mex
    39. Advanced Metal ExtractorT2 mex
    40. Legion DroneLegion Drone
    41. ArgonautArgonaut
    42. Legion DroneLegion Drone
    43. Wind
    44. SyracusiaSyracusia
    45. Wind
    46. Con turret
    47. Naval Radar / Sonar TowerNaval Radar / Sonar Tower
    48. Legion DroneLegion Drone
    49. Energy storage
    50. Legion DroneLegion Drone
    51. DionysusDionysus ×2
    52. SthenoStheno
    53. Legion DroneLegion Drone
    54. Advanced Metal ExtractorT2 mex
    55. SyracusiaSyracusia
    56. Mex
    57. ArgonautArgonaut
    58. Legion DroneLegion Drone
    59. DionysusDionysus
    60. Mex
    61. Con turret
    62. SyracusiaSyracusia
    63. Energy storage
    64. Legion DroneLegion Drone
    65. Advanced Metal ExtractorT2 mex
    66. Legion DroneLegion Drone ×2
    67. DionysusDionysus
    68. SyracusiaSyracusia
    69. Legion DroneLegion Drone
    70. Construction ShipCon ship
    71. Mex
    72. Construction ShipCon ship ×2
    73. Legion DroneLegion Drone ×3
    74. Construction ShipCon ship
    75. Metal storage
    76. Con turret
    77. Offshore Seaplane PlatformOffshore Seaplane Platformdone 13:14
    78. Mex
    79. Legion DroneLegion Drone
    80. Advanced solar
    81. PrudePrudedone 14:38
    82. HecatoncheirHecatoncheir ×2
    83. Legion DroneLegion Drone ×2
    84. Tidal ×2
    85. Advanced solar
    86. Naval Radar / Sonar TowerNaval Radar / Sonar Tower
    87. HecatoncheirHecatoncheir
    88. Legion DroneLegion Drone
    89. Tidal ×2
    90. Legion DroneLegion Drone
    91. Tidal
    92. HecatoncheirHecatoncheir
    93. Legion DroneLegion Drone
    94. Con turret
    95. Tidal
    96. Legion DroneLegion Drone
    97. Advanced solar
    98. Tidal ×2
    99. HecatoncheirHecatoncheir
    100. Legion DroneLegion Drone ×2
    101. Tidal
    102. Advanced solar
    103. Tidal
    104. Legion DroneLegion Drone ×2
    105. HecatoncheirHecatoncheir
    106. Legion DroneLegion Drone
    107. Tidal
    108. Legion DroneLegion Drone
    109. Advanced solar
    110. Legion DroneLegion Drone
    111. Tidal
    112. Legion DroneLegion Drone
    113. HecatoncheirHecatoncheir
    114. Legion DroneLegion Drone ×3
    115. Tidal ×2
    116. Legion DroneLegion Drone
    117. Pit BullPit Bull

Counts are medians over the build's games: half of them build more, half fewer. The example game is KingBenjai's (46 OS, 08/09/2026); pick another.

Team trades

IN AT LEAST 30% OF ITS GAMES

You hand over

  • Wind Turbine2 Wind to Airfirst at 1:38 · in 60% of games

You get

  • Finch1 Finch from Airfirst at 1:47 · in 45% of games
  • Hercules1 Light transport from Airfirst at 2:10 · in 30% of games
  • Advanced Construction Bot1 T2 con bot from Techfirst at 7:32 · in 70% of games

How it plays out

Typical game of this build, running totals by minute

Metal produced

010k20k30k
0:005:0010:0015:00

metal

Enemy metal destroyed

05k10k
0:005:0010:0015:00

metal

Own metal lost

02k4k
0:005:0010:0015:00

metal

20 games.

Show as table
ByMetal produced: This buildEnemy metal destroyed: This buildOwn metal lost: This build
1:0039700
2:0092800
3:00162100
4:0028335251
5:00399518362
6:005325565124
7:006791603176
8:0082851412345
9:00102131702419
10:00122262348918
11:001452333851656
12:001734337762213
13:002005253902343
14:002349770313351
15:002767597993665
WHAT THE NUMBERS SAY

Standard geo sea sits near an even split on wins while destroying more metal than it loses by 15:00, typical for a contested sea role.

  • + Enemy metal destroyed reaches 7775 by 15:00 against 4863 lost.
  • + Syracusia dominates army composition at 43%, showing a clear naval focus.
  • − Team win rate is only 47%, essentially a coin flip.
  • − T2 factory only completes in 32% of games, so tech transition often stalls.
THE EXAMPLE YOU ARE READING

KingBenjai

46.0 OS · 08/09/2026

Open source match ↗

3 received units · includes a constructor
745 metal received · 47367 energy received

Allied construction assistance is unknown. Timings are observations, not a promise of solo reproducibility.

Typical milestones

Legion Bot Lab1:07Middle 50%: 1:04–1:13 · n=20
Shipyard3:06Middle 50%: 2:36–3:52 · n=20
Syracusia5:06Middle 50%: 4:36–5:55 · n=20
Geothermal Powerplant7:51Middle 50%: 6:58–10:12 · n=20
Advanced Metal Extractor9:11Middle 50%: 8:42–9:28 · n=13

Played most by

KingBenjai8games of this buildHighlyRegarded2games of this buildPRO_Rerory2games of this buildRysica2games of this buildarmjanus1game of this build